 Dungeon Crawl Stone Soup version 0.22-a0-377-g846bec1 (webtiles) character file.

254 Amnesiac the Magician (level 5, -4/38 HPs)
             Began as a Mummy Wizard on Apr 27, 2018.
             Was a Follower of Kikubaaqudgha.
             Splashed by Ijyb's acid (13 damage)
             ... on level 3 of the Dungeon.
             The game lasted 00:06:56 (4401 turns).

Amnesiac the Magician (Mummy Wizard)                Turns: 4401, Time: 00:06:58

Health: -4/38      AC:  2    Str: 11    XL:     5   Next: 90%
Magic:  8/11       EV: 13    Int: 18    God:    Kikubaaqudgha [*.....]
Gold:   121        SH:  0    Dex: 10    Spells: 0/12 levels left

rFire    x . .     SeeInvis +   c - +0 hunting sling
rCold    + . .     Gourm    .   (no shield)
rNeg     + + +     Faith    .   a - +0 robe
rPois    ∞         Spirit   .   b - +0 hat
rElec    .         Reflect  .   (no cloak)
rCorr    .         Harm     .   (no gloves)
MR       .....                  (no boots)
Stlth    ++........             (no amulet)
HPRegen  0.12/turn              i - ring of see invisible
MPRegen  0.12/turn              (no ring)

@: very slightly contaminated
A: no food or potions, fire vulnerability, cold resistance 1, negative energy
resistance 3, torment resistance, unbreathing
a: Receive Corpses, Renounce Religion


You were on level 3 of the Dungeon.
You worshipped Kikubaaqudgha.
Kikubaaqudgha was aware of your devotion.
You were not hungry.

You visited 1 branch of the dungeon, and saw 4 of its levels.

You collected 121 gold pieces.

Inventory:

Hand Weapons
 c - a +0 hunting sling (weapon)
 j - a +0 blowgun
Missiles
 h - 26 stones (quivered)
 k - 3 poisoned needles
Armour
 a - a +0 robe (worn)
 b - a +0 hat (worn)
Jewellery
 i - a ring of see invisible (left hand)
Scrolls
 d - 3 scrolls of remove curse {!r}
 e - 2 scrolls of teleportation {!r}
 f - a scroll of magic mapping {!r}
 g - 2 scrolls of blinking {!r}


   Skills:
 - Level 2.2 Fighting
 - Level 3.4 Dodging
 - Level 1.5 Stealth
 - Level 4.0 Spellcasting
 + Level 1.6 Conjurations
 - Level 0.7 Summonings
 * Level 2.9 Necromancy
   Level 0.7 Translocations


You couldn't memorise any spells.
You knew the following spells:

 Your Spells              Type           Power        Failure   Level  Hunger
a - Magic Dart            Conj           #...         8%          1    N/A
b - Call Imp              Summ           #.......     17%         2    N/A
d - Vampiric Draining     Necr           ##........   13%         3    N/A
e - Mephitic Cloud        Conj/Pois/Air  #.......     34%         3    N/A
s - Conjure Flame         Conj/Fire      #.......     30%         3    N/A

Dungeon Overview and Level Annotations

Branches:
Dungeon (4/15)
 Temple: D:4-7

Altars:
Cheibriados
Dithmenos
Elyvilon
Kikubaaqudgha
Qazlal
Wu Jian
Yredelemnul

Annotations:
D:3 Ijyb


Innate Abilities, Weirdness & Mutations

You do not eat or drink.
Your flesh is vulnerable to fire.
You are immune to poison.
Your flesh is cold resistant. (rC+)
You are immune to negative energy. (rN+++)
You are immune to unholy pain and torment.
You can survive without breathing.


Message History

You see here a ring mail.
An ooze comes into view.
Casting: Magic Dart (safe; 8% risk of failure)
Confirm with . or Enter, or press ? or * to list all spells.
Aiming: Magic Dart (safe; 8% risk of failure)
Press: ? - help, Shift-Dir - straight line, f - ooze
Aim: an ooze (hasn't noticed you)
The magic dart hits the ooze.
The ooze is lightly wounded.
The ooze quivers.
Casting: Magic Dart (safe; 8% risk of failure)
Confirm with . or Enter, or press ? or * to list all spells.
Aiming: Magic Dart (safe; 8% risk of failure)
Press: ? - help, Shift-Dir - straight line, f/p - ooze
Aim: an ooze (lightly wounded)
The magic dart hits the ooze.
The ooze is lightly wounded.
Casting: Magic Dart (safe; 8% risk of failure)
Confirm with . or Enter, or press ? or * to list all spells.
Aiming: Magic Dart (safe; 8% risk of failure)
Press: ? - help, Shift-Dir - straight line, f/p - ooze
Aim: an ooze (lightly wounded)
The magic dart hits the ooze.
The ooze is heavily wounded.
Casting: Magic Dart (safe; 8% risk of failure)
Confirm with . or Enter, or press ? or * to list all spells.
Aiming: Magic Dart (safe; 8% risk of failure)
Press: ? - help, Shift-Dir - straight line, f/p - ooze
Aim: an ooze (heavily wounded)
The magic dart hits the ooze.
The ooze is severely wounded.
Firing (i - inventory)
h - 26 stones (quivered)
Press: ? - help, Shift-Dir - straight line, f/p - ooze
Aim: an ooze (severely wounded)
You shoot a stone. The stone hits the ooze.
The ooze is almost dead.
The ooze hits you.
Firing (i - inventory)
h - 25 stones (quivered)
Press: ? - help, Shift-Dir - straight line, f/p - ooze
Aim: an ooze (almost dead)
You shoot a stone. The stone hits the ooze.
You kill the ooze!
Kikubaaqudgha accepts your kill.
No target in view!
h - 26 stones (gained 2) HP restored.
There is a stone staircase leading down here.
Found a robe.
Ijyb the Twisted Goblin comes into view.
She is wielding a dagger.
Ijyb shouts!
Casting: Magic Dart (safe; 8% risk of failure)
Confirm with . or Enter, or press ? or * to list all spells.
Aiming: Mephitic Cloud (safe; 34% risk of failure)
Press: ? - help, Shift-Dir - straight line, f - Ijyb
Aim: Ijyb, wielding a dagger and wearing a ring mail You miscast Mephitic Cloud.
You are very lightly contaminated with residual magic.
You feel a strange surge of energy!
Ijyb zaps a wand.
The bolt of acid hits you!
Ouch! That really hurt!
* * * LOW HITPOINT WARNING * * *
You are splashed with acid!
The acid burns!
You die...
Kikubaaqudgha rasps: "You have failed me!
Welcome... oblivion!"

#..# #..###
#.>##.
##.##.## #
#.##... .#
#.##.g###.#
#.# ....[^#
#.# #.....###
#.# #@......#
#.###.....#..
#.......#.#
######### #


You could see Ijyb.

Vanquished Creatures
  2 adders
  3 oozes
  4 dart slugs
  2 leopard geckos
  An orc (D:4)
  2 giant cockroaches (D:2)
  8 goblins
  4 hobgoblins
  2 jackals (D:3)
  A quokka (D:2)
  2 ball pythons
  6 bats
  9 frilled lizards
  7 kobolds
  3 rats
56 creatures vanquished.

Vanquished Creatures (collateral kills)
  Sigmund (D:2)
  3 worker ants (D:4)
  2 gnolls (D:4)
  2 adders
  2 worms
  A leopard gecko (D:2)
  An orc (D:4)
  A hobgoblin (D:1)
  2 kobolds
  A rat (D:2)
16 creatures vanquished.

Grand Total: 72 creatures vanquished

Notes
Turn   | Place    | Note
-------+----------+-------------------------------------------
     0 | D:1      | Amnesiac the Mummy Wizard began the quest for the Orb.
     0 | D:1      | Reached XP level 1. HP: 13/13 MP: 5/5
   213 | D:1      | Reached XP level 2. HP: 20/20 MP: 1/7
   217 | D:1      | Learned a level 2 spell: Call Imp
   407 | D:2      | Reached skill level 1 in Fighting
   744 | D:2      | Noticed Sigmund
   918 | D:1      | Reached XP level 3. HP: 10/26 MP: 0/8
   923 | D:1      | Learned a level 3 spell: Conjure Flame
   927 | D:1      | Learned a level 3 spell: Mephitic Cloud
  1740 | D:4      | Reached XP level 4. HP: 21/33 MP: 1/10
  2293 | D:4      | Found a stormy altar of Qazlal.
  2294 | D:4      | Noticed a water elemental
  2296 | D:4      | Noticed a fire elemental
  2296 | D:4      | Noticed an air elemental
  2296 | D:4      | Noticed an earth elemental
  2646 | D:4      | Found a shadowy altar of Dithmenos.
  2659 | D:4      | Found a basalt altar of Yredelemnul.
  2669 | D:4      | Found an ancient bone altar of Kikubaaqudgha.
  2675 | D:4      | Became a worshipper of Kikubaaqudgha
  2959 | D:1      | Reached skill level 1 in Necromancy
  3167 | D:2      | Killed Sigmund
  3167 | D:2      | Reached skill level 1 in Conjurations
  3167 | D:2      | Reached XP level 5. HP: 28/38 MP: 1/11
  3324 | D:2      | Found an ornate altar of the Wu Jian Council.
  3478 | D:2      | Found a snail-covered altar of Cheibriados.
  3725 | D:2      | Found a white marble altar of Elyvilon.
  4159 | D:3      | Reached * piety under Kikubaaqudgha
  4159 | D:3      | Identified Kikubaaqudgha's Handbook of Black Arts (Kikubaaqudgha gifted it to you on level 3 of the Dungeon)
  4159 | D:3      | Received a gift from Kikubaaqudgha
  4178 | D:3      | Learned a level 3 spell: Vampiric Draining
  4399 | D:3      | Noticed Ijyb
  4401 | D:3      | Splashed by Ijyb's acid

Vault maps used:
D:1:      tarquinn_simple_flora_water_d
D:2:      lemuel_crystal_altar, nicolae_overflow_hidden_temple,
          overflow_temple_1_default, first_ration, hangedman_feature_mirror,
          hangedman_feature_mirror, uniq_sigmund
D:3:      led_sif_book, uniq_ijyb
D:4:      lemuel_crystal_altar, nicolae_qazlal_style_of_elements,
          lemuel_doored_altar, kiku_gazebo_pond_becter,
          minmay_misc_feat_more_columns

Skill      XL: |  1  2  3  4 |
---------------+-------------+-----
Dodging        | 2 3 |  3.4
Fighting       | 1 2 |  2.2
Necromancy     | 2 |  2.9
Conjurations   | 1 |  1.6
Stealth        | |  1.5
Spellcasting   | |  4.0
Summonings     | |  0.7
Translocations | |  0.7

Action                   |  1- 3 |  4- 6 || total
-------------------------+-------+-------++-------
Melee: Unarmed           |    56 |    12 ||    68
 Fire: Hunting sling     |       |    26 ||    26
 Cast: Magic Dart        |    80 |    82 ||   162
       Call Imp          |    11 |    12 ||    23
       Mephitic Cloud    |       |     1 ||     1
  Use: Scroll            |     2 |     4 ||     6
 Stab: Distracted        |     1 |       ||     1
Armor: Robe              |    19 |     3 ||    22
Dodge: Dodged            |    63 |    36 ||    99

Table legend:
 A = Spawn XP
 B = Non-spawn XP
 C = Spawn XP percentage of total XP
 D = Spawn monster count
 E = Non-spawn monster count
 F = Spawn count percentage of total count
 G = Total turns spent on level
                    A         B        C        D         E        F      G
               +---------+---------+-------+---------+---------+-------+---------
         Total |       0 |     363 |   0.0 |       0 |      72 |   0.0 |  4401
               +---------+---------+-------+---------+---------+-------+---------
           D:1 |       0 |      39 |   0.0 |       0 |      23 |   0.0 |  1092
           D:2 |       0 |     179 |   0.0 |       0 |      20 |   0.0 |  1648
           D:3 |       0 |      46 |   0.0 |       0 |      19 |   0.0 |   791
           D:4 |       0 |      99 |   0.0 |       0 |      10 |   0.0 |   870
               +---------+---------+-------+---------+---------+-------+---------
